 Dungeon Crawl Stone Soup version 0.30-a0-390-g80c34de65d (webtiles) character file.

Game seed: 17359065572969958607

315 bande the Covered (level 6, -3/38 HPs)
             Began as a Gargoyle Fighter on Dec 5, 2022.
             Slain by an iguana (9 damage)
             ... on level 5 of the Dungeon.
             The game lasted 00:04:01 (2105 turns).

bande the Covered (Gargoyle Fighter)                Turns: 2105, Time: 00:04:01

Health: -3/38      AC: 12    Str: 19    XL:     6   Next: 43%
Magic:  6/6        EV:  9    Int:  9    God:
Gold:   189        SH:  4    Dex: 11    Spells: 5/5 levels left

rFire   . . .      SeeInvis .    a - +1 war axe (freeze)
rCold   . . .      Faith    .    c - +0 buckler
rNeg    + . .      Spirit   .    b - +0 scale mail
rPois   ∞          Reflect  .    p - +0 helmet
rElec   +          Harm     .    (no cloak)
rCorr   .          Rampage  .    (no gloves)
Will    .....                    (no boots)
Stlth   ..........               (no amulet)
HPRegen 0.26/turn                (no ring)
MPRegen 0.10/turn                (no ring)

@: no status effects
A: sickness immunity, AC +4, negative energy resistance 1, electricity
resistance, torment resistance 1, petrification resistance
a: no special abilities


You were on level 5 of the Dungeon.
You visited 1 branch of the dungeon, and saw 4 of its levels.
You also visited: Sewer.

You collected 189 gold pieces.

Inventory:

Hand Weapons
 a - a +1 war axe of freezing (weapon)
 o - a +0 flail
Armour
 b - a +0 scale mail (worn)
 c - a +0 buckler (worn)
 p - a +0 helmet (worn)
Scrolls
 f - 2 scrolls of teleportation
 h - a scroll of identify
 i - 2 scrolls of poison
Potions
 d - a potion of might
 e - a potion of berserk rage
 g - a potion of degeneration {unknown}
 m - a potion of invisibility


   Skills:
 + Level 4.3 Fighting
 + Level 4.2 Axes
 + Level 4.6 Armour
 + Level 4.2 Shields


You had 5 spell levels left.
You didn't know any spells.
Your spell library contained the following spells:

 Spells                   Type           Power      Damage    Failure   Level
 Beastly Appendage        Tmut           0%         N/A       83%         1
 Wereblood                Tmut           0%         N/A       92%         2
 Spider Form              Tmut/Pois      0%         N/A       99%         3
 Borgnjor's Revivificati  Necr           0%         N/A       100%        8
 Necromutation            Tmut/Necr      0%         N/A       100%        8
 Death's Door             Necr           0%         N/A       100%        9


Dungeon Overview and Level Annotations

Branches:
Dungeon (5/15)              Sewer (visited)
 Temple: D:4-7

Altars:

Annotations:
D:3 1 runed translucent door, Crazy Yiuf, Terence


Innate Abilities, Weirdness & Mutations

You are immune to sickness and miasma.
Your stone body is resilient. (AC +4)
You are immune to poison.
You resist negative energy. (rN+)
You are resistant to electric shocks. (rElec)
You are resistant to unholy torment.
You are immune to petrification.


Message History

The jelly quivers.
An iguana comes into view.
The iguana hisses angrily.
The jelly hits you but does no damage.
You hit the jelly. You freeze the jelly.
Your hands burn!
The jelly is heavily wounded.
The jelly hits you.
You are splashed with acid!
You slash the jelly! You freeze the jelly.
You kill the jelly!
The iguana bites you!
You are too injured to fight recklessly!
You are too injured to fight recklessly!
You are too injured to fight recklessly!
You are too injured to fight recklessly!
You are too injured to fight recklessly!
You are too injured to fight recklessly!
You are too injured to fight recklessly!
You are too injured to fight recklessly!
You barely miss the iguana. The iguana barely misses you. x2
You hit the iguana but do no damage.
The iguana bites you but does no damage.
You barely miss the iguana. The iguana closely misses you.
You barely miss the iguana. You block the iguana's attack.
The iguana bites you.
You barely miss the iguana. The iguana barely misses you.
You hit the iguana but do no damage. The iguana misses you.
You hit the iguana but do no damage.
The iguana bites you but does no damage.
You closely miss the iguana.
The iguana bites you but does no damage.
The iguana bites you.
* * * LOW HITPOINT WARNING * * *
You hit the iguana. You freeze the iguana.
The iguana is lightly wounded.
The iguana bites you.
* * * LOW HITPOINT WARNING * * *
You barely miss the iguana.
The iguana is lightly wounded.
The iguana bites you!
You die...

#. .....# #.... #.
#..#....#.#.+.... #
##.###..#....#.#.#....
.. ............#.#.#..#.
...##.##..#...##.#....~~
..............##.#..#~~~
..............##.#..~~~~
..........##..##.#...~~~
......l@.............~~~
.......##.##.###....#~~~
.............# #......~~
...###.##+##+# #......#~
.. #. ....#........ . #.
...#.....#.. #.
..#.....#.. #. ##
#...####..
...##...####..


You could see an iguana.

Vanquished Creatures
  Pargi (Sewer)
  A scorpion (D:5)
  A hound (D:5)
  A jelly (D:5)
  Robin (D:2)
  3 adders (D:2)
  A worm (D:5)
  An orc (D:3)
  11 bats
  2 endoplasms
  3 giant cockroaches
  15 goblins
  5 hobgoblins
  4 quokkas
  9 ball pythons
  3 frilled lizards
  3 kobolds (D:2)
  2 rats
67 creatures vanquished.

Notes
Turn   | Place    | Note
-------+----------+-------------------------------------------
     0 | D:1      | bande the Gargoyle Fighter began the quest for the Orb.
     0 | D:1      | Reached XP level 1. HP: 14/14 MP: 1/1
   149 | D:1      | Reached XP level 2. HP: 19/19 MP: 2/2
   682 | D:2      | Reached XP level 3. HP: 10/23 MP: 3/3
   901 | D:2      | Found a faded altar of an unknown god.
  1077 | D:2      | Noticed Robin
  1089 | D:2      | Reached XP level 4. HP: 17/29 MP: 4/4
  1101 | D:2      | Killed Robin
  1601 | D:3      | Found a runed translucent door.
  1602 | D:3      | Noticed Crazy Yiuf
  1722 | D:3      | Noticed Terence
  1722 | D:3      | You fall into a shaft and drop 2 floors!
  1722 | D:5      | Entered Level 5 of the Dungeon
  1802 | D:5      | Reached XP level 5. HP: 33/33 MP: 5/5
  1909 | D:5      | Found a glowing drain.
  1925 | Sewer    | Entered a sewer
  1950 | Sewer    | Noticed Pargi
  1982 | Sewer    | Killed Pargi
  1983 | Sewer    | Reached XP level 6. HP: 27/38 MP: 6/6
  2105 | D:5      | Slain by an iguana

Illustrated notes

Levels and vault maps discovered:
D:1:      saegor_arrival_under_anarchy, layout_basic
D:2:      layout_loops_cross, hellmonk_ecumenical_altar_arch_garden, uniq_robin
D:3:      layout_loops_cross, serial_shops, nicolae_shop_waterfront,
          st_stairs_2, uniq_terence, uniq_crazy_yiuf_cottage
D:5:      layout_basic, cheibrodos_sewer_entry_drain, kennysheep_generic_room_4,
          uniq_blork_the_orc

Skill      XL: |  1  2  3  4  5 |
---------------+----------------+-----
Axes           | 2 3 4 |  4.2
Fighting       | 4 |  4.3
Armour         | 4 |  4.6
Shields        | 4 |  4.2

Action                   |  1- 3 |  4- 6 || total
-------------------------+-------+-------++-------
Melee: War axe           |   126 |   106 ||   232
  Use: Scroll            |       |     9 ||     9
       Potion            |       |     1 ||     1
Armor: Scale mail        |   128 |    82 ||   210
Dodge: Dodged            |    78 |    70 ||   148
Block: Buckler           |    40 |    37 ||    77

Table legend: (Time is in decaauts)
 A = Elapsed time spent in this place.
 B = Non-inter-level travel time spent in this place.
 C = Inter-level travel time spent in this place.
 D = Time resting spent in this place.
 E = Time spent auto-exploring this place.
 F = Levels seen in this place.
 G = Mean time per level.
                   A        B        C        D        E       F      G
               +--------+--------+--------+--------+--------+-----+--------+
         Total |   2203 |   2176 |     27 |    277 |   1279 |   5 |  440.6 |
       Dungeon |   2050 |   2023 |     27 |    277 |   1191 |   4 |  512.5 |
         Sewer |    153 |    153 |      0 |      0 |     88 |   1 |  153.0 |
               +--------+--------+--------+--------+--------+-----+--------+

Top non-repeatable levels by time:
     D:2: 1053 daAuts
     D:1: 525 daAuts
     D:5: 256 daAuts
     D:3: 214 daAuts
   Sewer: 153 daAuts
